[Event "Fagernes Open 2021"]
[Site "Fagernes"]
[Date "2021.10.15"]
[Round "7.6"]
[White "Stromhaug, Kristoffer Wang"]
[Black "Lye, Sigurd"]
[Result "1/2-1/2"]
[ECO "B33"]
[WhiteElo "1718"]
[BlackElo "1821"]
[Annotator "NA"]
[PlyCount "74"]
[EventDate "2021.10.10"]
[EventCountry "NOR"]
[SourceTitle "playchess.com"]
[Source "ChessBase"]
[SourceQuality "1"]
[TimeControl "40/5400+30:1800+30"]

1. e4 c5 2. Nf3 Nc6 3. d4 cxd4 4. Nxd4 Nf6 5. Nc3 e5 6. Ndb5 d6 7. Bg5 a6 8. Na3 b5 9. Nd5 Be7 10. Bxf6 Bxf6 11. c3 Ne7 12. Nc2 Nxd5 13. Qxd5 Rb8 14. Rd1 Bb7 15. Qxd6 Qxd6 16. Rxd6 Ke7 17. Rd1 Bxe4 18. Nb4 Bb7 19. Nd5+ Bxd5 20. Rxd5 Rhd8 21. Rd3 Bg5 22. f3 f5 23. g3 e4 24. Rxd8 Rxd8 25. f4 Bf6 26. Bh3 g6 27. Ke2 Ke6 28. Rd1 Rxd1 29. Kxd1 g5 30. Kd2 Bd8 31. Bf1 gxf4 32. gxf4 Bc7 33. Ke3 Bb6+ 34. Kd2 Bc7 35. Ke3 Bb6+ 36. Kd2 Bc7 37. Ke3 Bb6+ 1/2-1/2

[Event "Fagernes Open 2021"]
[Site "Fagernes"]
[Date "2021.10.15"]
[Round "7.7"]
[White "Cross, Jamie"]
[Black "Bronmo, Askild Skovgaard"]
[Result "0-1"]
[ECO "B22"]
[WhiteElo "1761"]
[BlackElo "1637"]
[Annotator "NA"]
[PlyCount "54"]
[EventDate "2021.10.10"]
[EventCountry "NOR"]
[SourceTitle "playchess.com"]
[Source "ChessBase"]
[SourceQuality "1"]
[TimeControl "40/5400+30:1800+30"]

1. e4 c5 2. c3 d5 3. exd5 Qxd5 4. d4 cxd4 5. cxd4 Nc6 6. Nf3 Bg4 7. Be2 e6 8. O-O Nf6 9. h3 Bh5 10. Nc3 Qd8 11. Qa4 Be7 12. Rd1 O-O 13. Ne5 Bxe2 14. Nxe2 Nb4 15. Bd2 Nbd5 16. Rac1 Nb6 17. Qc2 Rc8 18. Qd3 Rxc1 19. Rxc1 Nfd7 20. Nf3 Bf6 21. Ba5 Qb8 22. Nc3 Rc8 23. Rd1 Nc4 24. Ne5 Ndxe5 25. dxe5 Nxb2 26. Qd7 Nxd1 27. Nxd1 Bxe5 0-1

[Event "Fagernes Open 2021"]
[Site "Fagernes"]
[Date "2021.10.15"]
[Round "7.8"]
[White "Haugen, Lars Tormod"]
[Black "Skigelstrand, Live Jorgensen"]
[Result "0-1"]
[ECO "A28"]
[WhiteElo "1756"]
[BlackElo "1649"]
[Annotator "NA"]
[PlyCount "82"]
[EventDate "2021.10.10"]
[EventCountry "NOR"]
[SourceTitle "playchess.com"]
[Source "ChessBase"]
[SourceQuality "1"]
[TimeControl "40/5400+30:1800+30"]

1. c4 e5 2. Nc3 Nf6 3. Nf3 Nc6 4. a3 e4 5. Ng5 Qe7 6. f3 exf3 7. Nxf3 g6 8. e3 Bg7 9. Be2 d6 10. O-O O-O 11. Rb1 a5 12. Qe1 Ne5 13. Qh4 Nxf3+ 14. Bxf3 Nd5 15. Qxe7 Nxe7 16. Nb5 Bf5 17. e4 Be6 18. d3 Rac8 19. Be3 Nc6 20. Be2 Ne5 21. b3 f5 22. d4 Nf7 23. Bd3 fxe4 24. Bxe4 c6 25. Nc3 Rfd8 26. Bf3 Bf5 27. Rbc1 Re8 28. Bf2 Bh6 29. Rce1 Bd2 30. Ne4 Bxe1 31. Rxe1 Bxe4 32. Rxe4 Rxe4 33. Bxe4 Ng5 34. Bd3 d5 35. c5 Re8 36. Kf1 Ne4 37. Be1 Ra8 38. a4 Kf7 39. g4 Ng5 40. Kf2 Ne6 41. Ke3 Re8 0-1

[Event "Fagernes Open 2021"]
[Site "Fagernes"]
[Date "2021.10.15"]
[Round "7.9"]
[White "Lystad, Maximilian L"]
[Black "Edvardsen, Ragnar"]
[Result "1/2-1/2"]
[ECO "A29"]
[WhiteElo "1767"]
[BlackElo "1865"]
[Annotator "NA"]
[PlyCount "98"]
[EventDate "2021.10.10"]
[EventCountry "NOR"]
[SourceTitle "playchess.com"]
[Source "ChessBase"]
[SourceQuality "1"]
[TimeControl "40/5400+30:1800+30"]

1. c4 e5 2. g3 Nf6 3. Bg2 d5 4. cxd5 Nxd5 5. Nc3 Nb6 6. Nf3 Nc6 7. O-O Be7 8. a3 O-O 9. d3 a5 10. Be3 f5 11. Bxb6 cxb6 12. Qb3+ Kh8 13. Na4 Ra6 14. Rac1 Bf6 15. Nc3 Re8 16. e4 Be6 17. Qd1 Qd7 18. exf5 Bxf5 19. Ne4 Rd8 20. Qa4 $11 Raa8 21. Rfd1 Bg4 22. Nxf6 gxf6 23. h3 Bxf3 24. Bxf3 Nd4 25. Qxd7 Rxd7 26. Bh5 Kg7 27. Kg2 Rad8 28. Rc3 b5 29. Rdc1 f5 30. Rc8 Ne6 31. Be8 Rxd3 32. Rxd8 Rxd8 33. Bxb5 Kf6 34. Rc2 e4 35. Bc4 Rc8 36. Bb3 Rxc2 37. Bxc2 Nd4 38. Bd1 b5 39. g4 f4 40. h4 h6 41. Kf1 Ke5 42. Ke1 f3 43. Kd2 Kf4 44. g5 hxg5 45. hxg5 Nf5 46. g6 Ke5 47. Kc3 Kf6 48. Bc2 Ke5 49. Bd1 Kf6 1/2-1/2

[Event "Fagernes Open 2021"]
[Site "Fagernes"]
[Date "2021.10.15"]
[Round "7.10"]
[White "Johannessen, Theo N"]
[Black "Stokhaug, Jon Arne"]
[Result "0-1"]
[ECO "E18"]
[WhiteElo "1668"]
[BlackElo "1861"]
[Annotator "NA"]
[PlyCount "94"]
[EventDate "2021.10.10"]
[EventCountry "NOR"]
[SourceTitle "playchess.com"]
[Source "ChessBase"]
[SourceQuality "1"]
[TimeControl "40/5400+30:1800+30"]

1. d4 Nf6 2. Nf3 e6 3. c4 b6 4. g3 Bb7 5. Bg2 Be7 6. O-O O-O 7. Nc3 d5 8. cxd5 exd5 9. Ne5 c6 10. e4 dxe4 11. Nxe4 Nxe4 12. Bxe4 Bf6 13. f4 Qd6 14. Be3 Na6 15. a3 g6 16. Rc1 Rac8 17. Qf3 Nb8 18. Rc2 Rc7 19. Rfc1 Rfc8 20. b4 a6 21. Nc4 Qe6 22. Kg2 Re8 23. Ne5 Bxe5 24. dxe5 b5 25. Rd1 f5 26. Bd3 c5 27. Bxc5 Bxf3+ 28. Kxf3 Nd7 29. Bd6 Rxc2 30. Bxc2 Rc8 31. Bd3 Qb3 32. Ke2 Nb6 33. Bc5 Nd5 34. Rd2 Nc3+ 35. Kf1 Qd5 36. Kg1 Ne4 37. Rd1 Nxc5 38. bxc5 Rxc5 39. Kf2 Qa2+ 40. Be2 Rd5 41. Rc1 Rd2 42. Rc8+ Kg7 43. Rc7+ Kh6 44. g4 Rxe2+ 45. Kg3 Qb3+ 46. Rc3 Qxc3+ 47. Kh4 Rxh2# 0-1

[Event "Fagernes Open 2021"]
[Site "Fagernes"]
[Date "2021.10.15"]
[Round "7.11"]
[White "Amundsen, Ask"]
[Black "Galinsky, Misha"]
[Result "1-0"]
[ECO "C54"]
[WhiteElo "1816"]
[BlackElo "1756"]
[Annotator "NA"]
[PlyCount "55"]
[EventDate "2021.10.10"]
[EventCountry "NOR"]
[SourceTitle "playchess.com"]
[Source "ChessBase"]
[SourceQuality "1"]
[TimeControl "40/5400+30:1800+30"]

1. e4 e5 2. Nf3 Nc6 3. Bc4 Bc5 4. c3 d6 5. d3 h6 6. O-O Nf6 7. a4 a6 8. Nbd2 O-O 9. Re1 Bg4 10. Nf1 Na5 11. Ba2 Nc6 12. Ng3 Qd7 13. h3 Be6 14. Bb1 Bb6 15. d4 exd4 16. cxd4 d5 17. e5 Ne8 18. Bxh6 gxh6 19. Qd2 f5 20. exf6 Rxf6 21. Nh5 Rxf3 22. gxf3 Nxd4 23. Qxh6 Nxf3+ 24. Kh1 Nxe1 25. Bg6 Bd4 26. Rxe1 Bf5 27. Bxe8 Rxe8 28. Rg1+ 1-0

[Event "Fagernes Open 2021"]
[Site "Fagernes"]
[Date "2021.10.15"]
[Round "7.12"]
[White "Eriksen, Olai Dyrhaug"]
[Black "Carlin, Tormod"]
[Result "0-1"]
[ECO "D31"]
[WhiteElo "1809"]
[BlackElo "1554"]
[Annotator "NA"]
[PlyCount "58"]
[EventDate "2021.10.10"]
[EventCountry "NOR"]
[SourceTitle "playchess.com"]
[Source "ChessBase"]
[SourceQuality "1"]
[TimeControl "40/5400+30:1800+30"]

1. d4 d5 2. c4 c6 3. e3 Nf6 4. Nc3 e6 5. b3 Bd6 6. Bd3 Nbd7 7. Bb2 O-O 8. Nge2 Re8 9. O-O a6 10. Ng3 b5 11. Qc2 b4 12. Nce2 e5 13. cxd5 cxd5 14. dxe5 Bxe5 15. Nd4 Bb7 16. Rac1 Rc8 17. Qd2 Qb6 18. Bf5 g6 19. Bh3 Rxc1 20. Rxc1 Nc5 21. Qc2 Nfe4 22. Nxe4 Nxe4 23. Ne2 Nxf2 24. Kxf2 Qf6+ 25. Kg1 Bxb2 26. Rb1 Bc3 27. Nxc3 bxc3 28. Qf2 Qe5 29. Rf1 Qxe3 0-1

[Event "Fagernes Open 2021"]
[Site "Fagernes"]
[Date "2021.10.15"]
[Round "7.13"]
[White "Hellesoy, David"]
[Black "Ostensen, Nicolai Maxime"]
[Result "0-1"]
[ECO "C77"]
[WhiteElo "1500"]
[BlackElo "1768"]
[Annotator "NA"]
[PlyCount "118"]
[EventDate "2021.10.10"]
[EventCountry "NOR"]
[SourceTitle "playchess.com"]
[Source "ChessBase"]
[SourceQuality "1"]
[TimeControl "40/5400+30:1800+30"]

1. e4 e5 2. Nf3 Nc6 3. Bb5 d6 4. O-O Be7 5. c3 Nf6 6. d3 O-O 7. Nbd2 a6 8. Ba4 b5 9. Bb3 Na5 10. Bc2 h6 11. Re1 Be6 12. Nf1 Re8 13. Ng3 c5 14. d4 Bg4 15. h3 Bxf3 16. Qxf3 Nh7 17. Nf5 Bg5 18. b3 Bxc1 19. Raxc1 Qf6 20. dxc5 dxc5 21. Red1 Rad8 22. Rd5 Rxd5 23. exd5 e4 24. Qg4 h5 25. Qf4 g5 26. Qc7 Qxf5 27. Qxa5 Qxd5 28. Rd1 Qc6 29. c4 Nf6 30. Rd8 Rxd8 31. Qxd8+ Kg7 32. Qe7 bxc4 33. bxc4 g4 34. hxg4 hxg4 35. Qe5 Kf8 36. Kh2 Nd7 37. Qxe4 Qxe4 38. Bxe4 Ne5 39. Kg3 Ke7 40. Kf4 Kf6 41. Bd5 Nd3+ 42. Kxg4 Nxf2+ 43. Kf3 Nd1 44. Bb7 a5 45. Bc6 Ke5 46. g4 f6 47. Ba4 Nb2 48. Bb5 Nd1 49. Ke2 Nc3+ 50. Kd3 Nxa2 51. Kc2 Kd4 52. Kb3 Nc3 53. Ka3 Nxb5+ 54. cxb5 Kd5 55. Ka4 c4 56. b6 Kc6 57. Kxa5 c3 58. Ka6 c2 59. b7 c1=Q 0-1

[Event "Fagernes Open 2021"]
[Site "Fagernes"]
[Date "2021.10.15"]
[Round "7.14"]
[White "Grindbakken, Erik"]
[Black "Unhjem, Bjorn Robert Lovoll"]
[Result "0-1"]
[ECO "A21"]
[WhiteElo "1632"]
[BlackElo "1924"]
[Annotator "NA"]
[PlyCount "124"]
[EventDate "2021.10.10"]
[EventCountry "NOR"]
[SourceTitle "playchess.com"]
[Source "ChessBase"]
[SourceQuality "1"]
[TimeControl "40/5400+30:1800+30"]

1. c4 g6 2. Nc3 Bg7 3. g3 e5 4. Bg2 Ne7 5. d3 d6 6. e4 Nd7 7. Nge2 O-O 8. Be3 Nc5 9. Qd2 Nc6 10. O-O Be6 11. f4 Qd7 12. Rf2 Nb4 13. Nc1 Nc6 14. N1e2 Nd4 15. Raf1 Bg4 16. Bxd4 exd4 17. Nb5 Bxe2 18. Qxe2 c6 19. Na3 a5 20. f5 Be5 21. Nc2 b5 22. b3 bxc4 23. bxc4 f6 24. Ne1 g5 25. Bf3 Rfb8 26. Kg2 a4 27. h4 gxh4 28. gxh4 Qg7+ (28... Kh8 $19 29. Rg1 a3) 29. Kh1 Qh6 30. Rg2+ $19 Kh8 31. Bh5 Rg8 32. Rfg1 Bf4 33. Rg4 Be3 34. R1g2 Nd7 35. Bf7 Rg5 36. Nf3 Ne5 37. Nxg5 fxg5 38. Be6 Rb8 39. Qf1 Nxg4 40. Rxg4 Rb2 41. f6 Rf2 42. Qb1 Qxf6 43. Qb8+ Qf8 44. Qxf8+ Rxf8 45. Bf5 Rb8 46. hxg5 c5 47. g6 hxg6 48. Rxg6 Bf4 49. Kg2 Rb2+ 50. Kf3 Be5 51. Rg2 a3 52. Bd7 Bf4 53. Ba4 Bd2 54. Bb3 Rxb3 55. Rxd2 Rb2 56. Ke2 Kg7 57. Kd1 Rb1+ 58. Ke2 Kf6 59. Rc2 Ke5 60. Rd2 Kf4 61. Kf2 Rb2 62. Ke2 Rxd2+ 0-1

[Event "Fagernes Open 2021"]
[Site "Fagernes"]
[Date "2021.10.15"]
[Round "7.15"]
[White "Orban, Tiberiu"]
[Black "Kveim, Ingvar Torjesen"]
[Result "0-1"]
[ECO "A57"]
[WhiteElo "1731"]
[BlackElo "1466"]
[Annotator "NA"]
[PlyCount "112"]
[EventDate "2021.10.10"]
[EventCountry "NOR"]
[SourceTitle "playchess.com"]
[Source "ChessBase"]
[SourceQuality "1"]
[TimeControl "40/5400+30:1800+30"]

1. d4 Nf6 2. Nf3 c5 3. d5 b5 4. c4 b4 5. Nbd2 g6 6. e4 d6 7. e5 Ng4 8. h3 Nxe5 9. Nxe5 dxe5 10. Ne4 Qc7 11. Be3 Na6 12. d6 Qc6 13. Qd5 Qxd5 14. cxd5 exd6 15. Bb5+ Kd8 16. f4 f5 17. Ng5 exf4 18. Bxf4 Kc7 19. O-O h6 20. Ne6+ Bxe6 21. dxe6 Nb8 22. Rac1 g5 23. Be3 f4 24. Bd4 Rg8 25. Bd3 Bg7 26. Bxg7 Rxg7 27. a3 a5 28. axb4 axb4 29. Ra1 Rxa1 30. Rxa1 Nc6 31. Be4 Re7 32. Bd5 Kb7 33. Ra5 Re8 34. Ra1 Kb6 35. b3 Ne7 36. Bc4 d5 37. Ra6+ Kb7 38. Bb5 Rd8 39. Ra1 Rd6 40. Bd7 c4 41. bxc4 dxc4 42. Bb5 c3 43. Bc4 c2 44. Bb3 Rc6 45. Rc1 Rc3 46. Bxc2 Kc7 47. Rd1 Rxc2 48. Rd7+ Kc6 49. Rxe7 Rc4 50. Re8 Kd6 51. Rh8 Kxe6 52. Rxh6+ Kd5 53. Rg6 b3 54. Rxg5+ Kd4 55. Rb5 Kc3 56. Rb8 b2 0-1

[Event "Fagernes Open 2021"]
[Site "Fagernes"]
[Date "2021.10.15"]
[Round "7.16"]
[White "Shehzad, Alina"]
[Black "Stenseng, Benjamin"]
[Result "0-1"]
[ECO "B40"]
[WhiteElo "1189"]
[BlackElo "1590"]
[Annotator "NA"]
[PlyCount "82"]
[EventDate "2021.10.10"]
[EventCountry "NOR"]
[SourceTitle "playchess.com"]
[Source "ChessBase"]
[SourceQuality "1"]
[TimeControl "40/5400+30:1800+30"]

1. e4 c5 2. Nf3 e6 3. d4 cxd4 4. Nxd4 Nf6 5. e5 Qa5+ 6. c3 Qxe5+ 7. Be3 Nc6 8. Be2 Be7 9. Qd2 Qa5 10. O-O O-O 11. Qc2 Nxd4 12. Bxd4 b6 13. Bf3 Rb8 14. Nd2 Bb7 15. Nc4 Qg5 16. Be3 Qh4 17. Ne5 Bxf3 18. Nxf3 Qh5 19. Rad1 d5 20. Nd4 Bd6 21. h3 Rbc8 22. Qa4 Bb8 23. Nb5 Rc4 24. Qa6 Rg4 25. Kh1 Qe5 26. f4 Qxe3 27. hxg4 Nxg4 28. Nd4 Nf2+ 29. Kg1 Nxd1+ 30. Kh1 Nf2+ 31. Kg1 Ne4+ 32. Kh2 Bxf4+ 33. Kh1 Ng3+ 34. Kh2 Nxf1+ 35. Kh1 Nd2 36. Nf3 Nxf3 37. gxf3 Qf2 38. Qe2 Qxe2 39. Kg1 Be3+ 40. Kh1 Qf2 41. a3 Qg1# 0-1

[Event "Fagernes Open 2021"]
[Site "Fagernes"]
[Date "2021.10.15"]
[Round "7.17"]
[White "Langvik, Ulrikke"]
[Black "Lien, Sebastian"]
[Result "1-0"]
[ECO "D05"]
[WhiteElo "1542"]
[BlackElo "1316"]
[Annotator "NA"]
[PlyCount "73"]
[EventDate "2021.10.10"]
[EventCountry "NOR"]
[SourceTitle "playchess.com"]
[Source "ChessBase"]
[SourceQuality "1"]
[TimeControl "40/5400+30:1800+30"]

1. d4 Nf6 2. Nf3 e6 3. e3 d5 4. Bd3 c5 5. b3 Nc6 6. c3 Bd6 7. Nbd2 O-O 8. O-O Re8 9. e4 dxe4 10. Nxe4 Nxe4 11. Bxe4 cxd4 12. Ng5 g6 13. Qf3 Qc7 14. Bxc6 bxc6 15. h4 dxc3 16. Ne4 Be7 17. Qxc3 Bxh4 18. g3 Be7 19. Bf4 Qd8 20. Rfd1 Bd7 21. Rd2 f5 22. Bh6 e5 23. Qxe5 Bf8 24. Nf6+ Kf7 25. Rxd7+ Qxd7 26. Nxd7 Rxe5 27. Nxe5+ Ke6 28. Bxf8 Kxe5 29. Bc5 Kd5 30. b4 a5 31. a3 axb4 32. Bxb4 Ra7 33. Kg2 Kc4 34. Rc1+ Kb5 35. Rc5+ Kb6 36. Re5 Rc7 37. Ba5+ 1-0

[Event "Fagernes Open 2021"]
[Site "Fagernes"]
[Date "2021.10.16"]
[Round "8.1"]
[White "Myagmarsuren, Evsuld"]
[Black "Krivenko, Dion"]
[Result "1/2-1/2"]
[ECO "B38"]
[WhiteElo "1650"]
[BlackElo "2045"]
[Annotator "NA"]
[PlyCount "95"]
[EventDate "2021.10.10"]
[EventCountry "NOR"]
[SourceTitle "playchess.com"]
[Source "ChessBase"]
[SourceQuality "1"]
[TimeControl "40/5400+30:1800+30"]

1. e4 c5 2. Nf3 Nc6 3. d4 cxd4 4. Nxd4 g6 5. c4 Bg7 6. Be3 d6 7. Be2 Nf6 8. Nc3 O-O 9. O-O Bd7 10. f4 Qb6 11. Nc2 Qd8 12. Qd2 Bg4 13. Rad1 Bxe2 14. Qxe2 Qa5 15. Bd2 Qh5 16. Qxh5 Nxh5 17. g3 Rfc8 18. b3 Nf6 19. Rfe1 Kf8 20. Nd5 Nxd5 21. exd5 Nd4 22. Nxd4 Bxd4+ 23. Be3 Bc5 24. Kf2 a6 25. Bxc5 Rxc5 26. Ke3 b5 27. Kd4 Rac8 28. Rc1 Ke8 29. Re3 R8c7 30. Rec3 b4 31. Re3 Ra5 $14 32. Re2 Rac5 33. a3 a5 34. axb4 axb4 35. Ra1 Kf8 36. Ra8+ Kg7 37. Rb8 Ra5 38. Rxb4 Ra1 39. Ra4 Rd1+ 40. Kc3 Kf6 41. Kc2 Rxd5 42. Ra1 Rdc5 43. Kd3 h5 44. Rc1 d5 45. Rec2 Kf5 46. b4 dxc4+ 47. Rxc4 Rd7+ 48. Ke3 1/2-1/2

[Event "Fagernes Open 2021"]
[Site "Fagernes"]
[Date "2021.10.16"]
[Round "8.2"]
[White "Kreken, Eivind Grunt"]
[Black "Pedersen, Max Moe"]
[Result "1/2-1/2"]
[ECO "D02"]
[WhiteElo "1838"]
[BlackElo "1837"]
[Annotator "NA"]
[PlyCount "81"]
[EventDate "2021.10.10"]
[EventCountry "NOR"]
[SourceTitle "playchess.com"]
[Source "ChessBase"]
[SourceQuality "1"]
[TimeControl "40/5400+30:1800+30"]

1. d4 d5 2. Bf4 c5 3. e3 Nc6 4. Nf3 Nf6 5. Nbd2 Qb6 6. dxc5 Qxb2 7. Rb1 Qc3 8. Bb5 g6 9. O-O Bg7 10. Nb3 O-O 11. Bxc6 bxc6 12. Be5 Qc4 13. Qd4 Qxd4 14. Nfxd4 Ne4 15. Bxg7 Kxg7 16. Nxc6 e6 17. f3 Nc3 18. Rb2 Ba6 19. Re1 Rfc8 20. Nb4 Bc4 21. Nd3 Rab8 22. Nd2 Rxb2 23. Nxb2 Bxa2 24. Nd3 a5 25. Ra1 Rb8 26. Nc1 Bc4 27. Rxa5 Rb2 28. Nxc4 dxc4 29. c6 Nb5 30. Ne2 Nd6 31. Nd4 Kf6 32. c7 Ke7 33. Ra6 Nc8 34. f4 Kd7 35. Rc6 Rxc2 36. h3 Rc1+ 37. Kf2 c3 38. Rc5 Nd6 39. Rc6 Nc8 40. Rc5 Nd6 41. Rc6 1/2-1/2

[Event "Fagernes Open 2021"]
[Site "Fagernes"]
[Date "2021.10.16"]
[Round "8.3"]
[White "Dahl, Torbjorn"]
[Black "Skigelstrand, Live Jorgensen"]
[Result "1-0"]
[ECO "A05"]
[WhiteElo "1876"]
[BlackElo "1649"]
[Annotator "NA"]
[PlyCount "107"]
[EventDate "2021.10.10"]
[EventCountry "NOR"]
[SourceTitle "playchess.com"]
[Source "ChessBase"]
[SourceQuality "1"]
[TimeControl "40/5400+30:1800+30"]

1. e4 c5 2. Nf3 Nc6 3. c3 Nf6 4. d3 g6 5. g3 Bg7 6. Bg2 O-O 7. O-O e5 8. h3 d5 9. Nbd2 b6 10. exd5 Nxd5 11. Re1 Be6 12. Nc4 Qc7 13. Ng5 Rae8 14. Nxe6 fxe6 15. a4 Nce7 16. Qe2 Nc6 17. h4 Re7 18. h5 Ref7 19. Rf1 gxh5 20. Qxh5 Nf6 21. Qe2 Nd5 22. Be4 Nde7 23. Be3 Nf5 24. Kg2 Nce7 25. Rh1 Nxe3+ 26. fxe3 Rf2+ 27. Qxf2 Rxf2+ 28. Kxf2 h6 29. Raf1 Nd5 30. Bg6 Qd8 31. Ke2 Kh8 32. Rh5 Ne7 33. Be4 Qe8 34. Rfh1 Qxa4 35. Nxe5 Qc2+ 36. Kf3 Qxb2 37. Nf7+ Kg8 38. Nxh6+ Kf8 39. c4 Ke8 40. Ng4 a5 41. R5h2 Qb3 42. Re2 a4 43. Kf4 a3 44. Rhh2 Bb2 45. Ne5 Kd8 46. Rh8+ Kc7 47. Ra8 Bxe5+ 48. Kxe5 Nc6+ 49. Kxe6 Nd8+ 50. Kf5 Nb7 51. Ra7 Kd6 52. Rxb7 a2 53. Rh2 Qc3 54. Rh6+ 1-0

[Event "Fagernes Open 2021"]
[Site "Fagernes"]
[Date "2021.10.16"]
[Round "8.4"]
[White "Bronmo, Askild Skovgaard"]
[Black "Strand, Amund Pihl"]
[Result "1/2-1/2"]
[ECO "A04"]
[WhiteElo "1637"]
[BlackElo "1712"]
[Annotator "NA"]
[PlyCount "43"]
[EventDate "2021.10.10"]
[EventCountry "NOR"]
[SourceTitle "playchess.com"]
[Source "ChessBase"]
[SourceQuality "1"]
[TimeControl "40/5400+30:1800+30"]

1. e4 c5 2. Nf3 e6 3. g3 Nc6 4. Bg2 e5 5. O-O g6 6. d3 Bg7 7. Nc3 Nge7 8. Be3 d6 9. Qd2 O-O 10. Ne1 Be6 11. Ne2 Qd7 12. c4 f5 13. f4 fxe4 14. Bxe4 Nf5 15. Ng2 Nxe3 16. Nxe3 Bh6 17. Nd5 Ne7 18. Nec3 Nxd5 19. Nxd5 Bxd5 20. Bxd5+ Kh8 21. Qc3 Bg7 22. fxe5 1/2-1/2

[Event "Fagernes Open 2021"]
[Site "Fagernes"]
[Date "2021.10.16"]
[Round "8.5"]
[White "Carlin, Tormod"]
[Black "Kittilsen, Sigurd"]
[Result "0-1"]
[ECO "A45"]
[WhiteElo "1554"]
[BlackElo "1881"]
[Annotator "NA"]
[PlyCount "168"]
[EventDate "2021.10.10"]
[EventCountry "NOR"]
[SourceTitle "playchess.com"]
[Source "ChessBase"]
[SourceQuality "1"]
[TimeControl "40/5400+30:1800+30"]

1. d4 Nf6 2. Bg5 c5 3. Bxf6 exf6 4. d5 f5 5. c4 a6 6. e3 g6 7. Nc3 Bg7 8. Qc2 d6 9. Bd3 Nd7 10. Nf3 O-O 11. O-O Re8 12. Rfe1 Ne5 13. Nxe5 Rxe5 14. f4 Re7 15. Re2 Qa5 16. Rae1 Bd7 17. e4 Bd4+ 18. Kf1 Bxc3 19. bxc3 fxe4 20. Rxe4 Rxe4 21. Bxe4 Re8 22. Bd3 Rxe1+ 23. Kxe1 b5 24. cxb5 axb5 25. f5 c4 26. fxg6 cxd3 27. gxh7+ Kxh7 28. Qxd3+ f5 29. Qh3+ Kg7 30. Qg3+ Kf7 31. Qf3 Ke7 32. Qe3+ Kd8 33. Qd2 Qa4 34. g3 Qe4+ 35. Kf2 Qh1 36. Ke3 Qg1+ 37. Kf4 Qf1+ 38. Kg5 Qf3 39. a3 Ke7 40. Kh6 Kd8 41. Kg5 Qg4+ 42. Kf6 Qg8 43. Qe3 Qf8+ 44. Kg6 Be8+ 45. Kg5 Qg7+ 46. Kxf5 Bd7+ 47. Ke4 Qe5+ 48. Kd3 Qxd5+ 49. Qd4 Qf3+ 50. Qe3 Bf5+ 51. Kd2 Qd5+ 52. Ke1 Qh1+ 53. Kd2 Qxh2+ 54. Ke1 Qh1+ 55. Kd2 Qd5+ 56. Ke1 Qe6 57. Kd2 Qxe3+ 58. Kxe3 Kd7 59. Kd4 Be6 60. Ke4 Kc6 61. Kd4 Kb6 62. g4 Ka5 63. g5 Ka4 64. g6 Kxa3 65. g7 Kb2 66. Kd3 Kb3 67. Kd2 Kc4 68. Kc2 d5 69. Kb2 b4 70. cxb4 Kxb4 71. Kc2 Kc4 72. Kd2 Kd4 73. Kc1 Kd3 74. Kd1 d4 75. Kc1 Ke2 76. Kc2 d3+ 77. Kb2 d2 78. Kc3 d1=R 79. Kc2 Rd3 80. Kb2 Kd2 81. Kb1 Rb3+ 82. Ka1 Kc2 83. Ka2 Rh3+ 84. Ka1 Rh1# 0-1

[Event "Fagernes Open 2021"]
[Site "Fagernes"]
[Date "2021.10.16"]
[Round "8.6"]
[White "Ostensen, Nicolai Maxime"]
[Black "Stokhaug, Jon Arne"]
[Result "1/2-1/2"]
[ECO "A37"]
[WhiteElo "1768"]
[BlackElo "1861"]
[Annotator "NA"]
[PlyCount "36"]
[EventDate "2021.10.10"]
[EventCountry "NOR"]
[SourceTitle "playchess.com"]
[Source "ChessBase"]
[SourceQuality "1"]
[TimeControl "40/5400+30:1800+30"]

1. e4 c5 2. Nf3 Nc6 3. c4 e5 4. g3 g6 5. Bg2 Bg7 6. O-O Nge7 7. d3 O-O 8. Nc3 d6 9. Bd2 Rb8 10. Qc1 Bg4 11. Ne1 Nd4 12. f3 Bd7 13. Nc2 Nec6 14. Kh1 Nxc2 15. Qxc2 Nb4 16. Qb1 Nc6 17. f4 Nd4 18. fxe5 dxe5 1/2-1/2

[Event "Fagernes Open 2021"]
[Site "Fagernes"]
[Date "2021.10.16"]
[Round "8.7"]
[White "Fiskaaen, Martin Holten"]
[Black "Stromhaug, Kristoffer Wang"]
[Result "1-0"]
[ECO "D43"]
[WhiteElo "1829"]
[BlackElo "1718"]
[Annotator "NA"]
[PlyCount "135"]
[EventDate "2021.10.10"]
[EventCountry "NOR"]
[SourceTitle "playchess.com"]
[Source "ChessBase"]
[SourceQuality "1"]
[TimeControl "40/5400+30:1800+30"]

1. d4 d5 2. c4 c6 3. Nf3 Nf6 4. Nc3 e6 5. Bg5 h6 6. Bxf6 Qxf6 7. e3 g6 8. Bd3 dxc4 9. Bxc4 Bg7 10. O-O O-O 11. e4 Nd7 12. e5 Qe7 13. Ne4 Rd8 14. Qb3 c5 15. dxc5 Nxc5 16. Qa3 b6 17. Nxc5 Qxc5 18. Qxc5 bxc5 19. Rac1 Bb7 20. Rfe1 Rab8 21. b3 Bxf3 22. gxf3 Rd2 23. a4 Rbd8 24. Re4 h5 25. Rce1 Kh7 26. Kg2 g5 27. h4 Kg6 28. Kg3 Rd1 29. Rxd1 Rxd1 30. Re3 gxh4+ 31. Kxh4 Bh6 32. Rd3 Bg5+ 33. Kh3 Re1 34. Rd7 a5 35. Bd3+ f5 36. exf6+ Kxf6 37. Kg3 Ke5 38. Ra7 Bf4+ 39. Kg2 Bd2 40. Rh7 Kd4 41. Bc4 Re5 42. Rd7+ Kc3 43. Rd3+ Kc2 44. Rd6 Rg5+ 45. Kh1 e5 46. Rd5 Bb4 47. f4 Rg4 48. fxe5 Rd4 49. e6 Rxd5 50. Bxd5 c4 51. bxc4 Kc3 52. f4 Be7 53. f5 Kb4 54. Kg2 Kxa4 55. c5 Kb5 56. c6 Kb6 57. Kf3 Kc7 58. Ke4 Bf6 59. Kd3 Kd6 60. Kc4 Bd8 61. Kb5 h4 62. Bg2 h3 63. Bxh3 a4 64. Bf1 a3 65. Bc4 Kc7 66. Kc5 Be7+ 67. Kd5 Bf6 68. Bb3 1-0

[Event "Fagernes Open 2021"]
[Site "Fagernes"]
[Date "2021.10.16"]
[Round "8.8"]
[White "Lye, Sigurd"]
[Black "Amundsen, Ask"]
[Result "0-1"]
[ECO "B82"]
[WhiteElo "1821"]
[BlackElo "1816"]
[Annotator "NA"]
[PlyCount "80"]
[EventDate "2021.10.10"]
[EventCountry "NOR"]
[SourceTitle "playchess.com"]
[Source "ChessBase"]
[SourceQuality "1"]
[TimeControl "40/5400+30:1800+30"]

1. e4 c5 2. Nf3 e6 3. d4 cxd4 4. Nxd4 Nc6 5. Nc3 Qc7 6. Be3 a6 7. a3 Nf6 8. f4 d6 9. Qf3 Be7 10. O-O-O O-O 11. h3 Nxd4 12. Bxd4 b5 13. g4 Bb7 14. f5 Rac8 15. Bd3 e5 16. Be3 d5 17. Nxd5 Bxd5 18. exd5 e4 19. Bxe4 Nxe4 20. Qxe4 Rfe8 21. Qd3 Bxa3 22. Rhe1 Bd6 23. Kb1 a5 24. Bd4 Red8 25. Re2 b4 26. Rde1 Qb7 27. Be5 f6 28. Bxd6 Rxd6 29. Re6 Rxd5 30. Qb3 Kf8 31. Qe3 Qd7 32. Rc1 a4 33. Qb6 b3 34. c4 Rxc4 35. Qb8+ Kf7 36. Ree1 Rxc1+ 37. Rxc1 Rd1 38. Qf4 Qd3+ 39. Ka1 Qc2 40. Qc7+ Qxc7 0-1

[Event "Fagernes Open 2021"]
[Site "Fagernes"]
[Date "2021.10.16"]
[Round "8.9"]
[White "Dulman, Egmond-Gabriel"]
[Black "Langvik, Ulrikke"]
[Result "0-1"]
[ECO "A84"]
[WhiteElo "2065"]
[BlackElo "1542"]
[Annotator "NA"]
[PlyCount "120"]
[EventDate "2021.10.10"]
[EventCountry "NOR"]
[SourceTitle "playchess.com"]
[Source "ChessBase"]
[SourceQuality "1"]
[TimeControl "40/5400+30:1800+30"]

1. d4 d5 2. c4 e6 3. Nc3 c6 4. e3 Bd6 5. f4 f5 6. Nf3 Nf6 7. Ne5 Bxe5 8. fxe5 Ne4 9. Nxe4 fxe4 10. Qh5+ g6 11. Qh6 Qe7 12. Bd2 b6 13. Be2 Rf8 14. h4 Na6 15. Qg5 Rf7 16. b4 $16 Nc7 17. Qxe7+ Kxe7 18. h5 g5 19. h6 Bb7 20. Rh5 Rg8 21. a4 g4 22. cxd5 cxd5 23. Rc1 Kd7 24. g3 Rf5 25. Rh4 Rfg5 26. b5 a6 27. bxa6 Bxa6 28. Rxc7+ Kxc7 29. Bxa6 Rf5 30. Be2 Kd7 31. Bb4 Rfg5 32. Bb5+ Kd8 33. Rh2 Rf5 34. Rf2 Rf3 35. Rxf3 gxf3 36. Kf2 Rg5 37. Bf8 Rh5 38. g4 Rh2+ 39. Kg3 Rg2+ 40. Kh4 Rb2 41. Kg3 Rg2+ 42. Kh4 Rg1 43. g5 f2 44. Bg7 Ke7 45. Bf6+ Kf7 46. Bd8 f1=Q 47. Bxf1 Rxf1 48. Bxb6 Rf3 49. a5 Rxe3 50. a6 Ra3 51. a7 Ra1 52. Kg4 Kg6 53. Kf4 e3 54. Kxe3 Kxg5 55. Kd3 Kxh6 56. Kc3 Ra6 57. Bc5 Kg6 58. Kb4 h5 59. Kb5 Rxa7 60. Bxa7 h4 0-1